 Dungeon Crawl Stone Soup version 0.22.1-2-g9c5b331 (webtiles) character file.

3360 Chrysalice the Spear-Bearer (level 9, -4/117 (118) HPs)
             Began as a Minotaur Berserker on Nov 27, 2018.
             Was an Elder of Trog.
             Slain by a death yak (14 damage)
             ... on level 8 of the Dungeon on Nov 28, 2018.
             The game lasted 00:31:33 (4523 turns).

Chrysalice the Spear-Bearer (Minotaur Berserker)    Turns: 4523, Time: 00:31:34

HP:   -4/117 (118)  AC: 12    Str: 27    XL:     9   Next: 73%
MP:   8/8           EV: 13    Int:  4    God:    Trog [****..]
Gold: 331           SH:  5    Dex: 13    Spells: 8/8 levels left

rFire    . . .     SeeInvis .   l - +3 spear (flame)
rCold    . . .     Gourm    .   s - +1 buckler
rNeg     . . .     Faith    +   f - +5 ring mail
rPois    .         Spirit   .   (helmet restricted)
rElec    .         Reflect  .   (no cloak)
rCorr    .         Harm     .   (no gloves)
MR       .....                  (no boots)
Stlth    ..........             r - amulet of faith
HPRegen  0.29/turn              (no ring)
MPRegen  0.11/turn              (no ring)

@: berserking, very quick
A: retaliatory headbutt, horns 2
a: Berserk, Trog's Hand, Brothers in Arms, Renounce Religion


You were on level 8 of the Dungeon.
You worshipped Trog.
Trog was greatly pleased with you.
You were very hungry.

You visited 1 branch of the dungeon, and saw 10 of its levels.
You also visited: Sewer.

You collected 331 gold pieces.

Inventory:

Hand Weapons
 l - a +3 spear of flaming (weapon)
 t - the +7 dagger "Kosir" {flame, rElec, unknown}
   (You found it on level 6 of the Dungeon)

   It has been specially enchanted to burn those struck by it, causing extra
   injury to most foes and up to half again as much damage against particularly
   susceptible opponents.
   It insulates you from electricity.
Missiles
 h - 226 stones (quivered)
Armour
 f - a +5 ring mail (worn)
 s - a +1 buckler (worn)
Jewellery
 r - an amulet of faith (around neck)
Wands
 i - a wand of flame (25)
Scrolls
 b - 5 scrolls of teleportation
 g - a scroll of fog {unknown}
 k - a scroll of noise {unknown}
Potions
 a - 2 potions of curing
 d - a potion of haste {unknown}
 e - a potion of magic
 j - a potion of mutation {unknown}
 m - a potion of invisibility
 n - 2 potions of cancellation
 o - a potion of flight {unknown}
 p - a potion of agility {unknown}
 q - 2 potions of berserk rage {unknown}
Comestibles
 c - 11 rations
 u - 5 chunks of flesh


   Skills:
 + Level 7.4 Fighting
 + Level 11.0 Polearms
 + Level 9.0 Armour
 + Level 5.7 Dodging
 + Level 2.0 Stealth
 + Level 1.4 Shields


You had 8 spell levels left.
You didn't know any spells.
Your spell library was empty.

Dungeon Overview and Level Annotations

Branches:
Dungeon (10/15)            Temple (0/1) D:6            Lair (0/6) D:8
    Orc: D:9-12

Altars:
Nemelex Xobeh
Qazlal
Trog


Innate Abilities, Weirdness & Mutations

You reflexively headbutt those who attack you in melee.
You have a pair of horns on your head.


Message History

The necrophage is moderately damaged.
You hit the necrophage. You burn the necrophage. You headbutt the necrophage.
The necrophage is severely damaged.
You block the necrophage's attack.
You closely miss the necrophage. You headbutt the necrophage.
The necrophage is almost destroyed.
The necrophage hits you.
You feel your flesh rotting away!
You hit the necrophage. You burn the necrophage.
You destroy the necrophage!
Trog accepts your kill.
Your Polearms skill increases to level 11!
Your Stealth skill increases to level 2!
You hit the death yak but do no damage. The death yak gores you!!
* * * LOW HITPOINT WARNING * * *
A red film seems to cover your vision as you go berserk!
You feel yourself moving faster!
You feel mighty!
You are feeling very hungry.
The orc wizard gestures wildly while chanting.
The orc wizard blinks!
The death yak gores you!
You die...

.. ... ...
..#.# #.#.#
# #.#.#
#.###.#.#
#..@YY..#
#####H..#
#....O.#
#..n..ยง#
#...Y..###
#.....>YH###
###.O.zoO...
#..o...o..
#...#....W


You could see 2 death yaks, a two-headed ogre and a hippogriff.

Vanquished Creatures
  Erolcha (D:10)
  A two-headed ogre (D:9)
  Pikel (D:4)
  Edmund (D:4)
  A sky beast (D:5)
  Purgy (Sewer)
  An ice beast (D:5)
  A phantom (D:5)
  A necrophage (D:8)
  A centaur (D:6)
  A big kobold (D:9)
  2 bullfrogs (D:6)
  A howler monkey (D:4)
  3 crimson imps (D:5)
  A bullfrog zombie (D:5)
  A centaur zombie (D:5)
  2 hounds (D:6)
  A centaur skeleton (D:5)
  Crazy Yiuf (D:7)
  An iguana (D:6)
  3 worker ants (D:4)
  A hound zombie (D:5)
  2 hound skeletons
  9 gnolls
  A howler monkey skeleton (D:4)
  9 adders
  A shadow imp (D:5)
  An ooze (D:6)
  3 adder skeletons
  4 worms (D:2)
  A dart slug (D:3)
  4 leopard geckos
  3 orcs (D:3)
  8 giant cockroaches
  9 goblins
  8 hobgoblins
  2 quokkas
  3 ball pythons
  7 bats
  5 frilled lizards
  A jackal skeleton (D:6)
  14 kobolds
  A quokka skeleton (D:5)
  3 rats
  A plant (D:2)
128 creatures vanquished.

Vanquished Creatures (others)
  Duvessa (D:4)
  3 slaves (D:4)
  Dowan (D:4)
  A gnoll (D:4)
  2 adders (D:4)
  An orc (D:4)
  A giant cockroach (D:4)
  A quokka (D:4)
  A frilled lizard (D:4)
12 creatures vanquished.

Grand Total: 140 creatures vanquished

Notes
Turn   | Place    | Note
-------+----------+-------------------------------------------
     0 | D:1      | Chrysalice the Minotaur Berserker began the quest for the
                  | Orb.
     0 | D:1      | Reached XP level 1. HP: 19/19 MP: 0/0
   212 | D:1      | Reached XP level 2. HP: 27/27 MP: 1/1
   301 | D:1      | Reached skill level 4 in Polearms
   580 | D:2      | Reached XP level 3. HP: 28/33 MP: 2/2
   672 | D:2      | Reached ** piety under Trog
   907 | D:2      | Reached XP level 4. HP: 41/41 MP: 3/3
   982 | D:2      | Reached skill level 5 in Polearms
  1442 | D:3      | Reached XP level 5. HP: 47/47 MP: 4/4
  1686 | D:3      | Found a sparkling altar of Nemelex Xobeh.
  1686 | D:3      | Found a transporter.
  1841 | D:3      | Reached *** piety under Trog
  1929 | D:4      | Noticed Edmund
  1947 | D:4      | Killed Edmund
  1947 | D:4      | Reached skill level 5 in Fighting
  1947 | D:4      | Reached skill level 6 in Polearms
  1947 | D:4      | Reached XP level 6. HP: 40/56 MP: 5/5
  1965 | D:4      | Noticed Pikel
  1966 | D:4      | Noticed a slave
  1967 | D:4      | Noticed a slave
  1968 | D:4      | Noticed a slave
  1970 | D:4      | Noticed a slave
  1971 | D:4      | Noticed Dowan
  1998 | D:4      | Killed Pikel
  1998 | D:4      | Reached skill level 7 in Polearms
  1998 | D:4      | Reached skill level 5 in Armour
  1998 | D:4      | Reached XP level 7. HP: 16/61 MP: 6/6
  2081 | D:4      | Found a stormy altar of Qazlal.
  2093 | D:4      | Killed Duvessa
  2142 | D:4      | Killed Dowan
  2143 | D:4      | Killed a freed slave
  2175 | D:4      | Found a glowing drain.
  2195 | Sewer    | Entered a sewer
  2262 | Sewer    | Noticed Purgy
  2270 | Sewer    | Killed Purgy
  2270 | Sewer    | Reached skill level 8 in Polearms
  2448 | D:4      | Reached XP level 8. HP: 69/69 MP: 7/7
  2783 | D:5      | Entered Level 5 of the Dungeon
  3295 | D:5      | Reached **** piety under Trog
  3570 | D:6      | Reached skill level 9 in Polearms
  3570 | D:6      | Reached skill level 1 in Stealth
  3633 | D:6      | Found a staircase to the Ecumenical Temple.
  3671 | D:6      | Reached skill level 5 in Dodging
  3836 | D:6      | Found a bloodstained altar of Trog.
  3929 | D:6      | Got a smoking dagger
  4081 | D:7      | Found a runed door.
  4085 | D:7      | Noticed Crazy Yiuf
  4095 | D:7      | Killed Crazy Yiuf
  4331 | D:7      | You fall through a shaft for 3 floors!
  4331 | D:10     | Entered Level 10 of the Dungeon
  4340 | D:10     | Noticed Erolcha
  4358 | D:10     | Killed Erolcha
  4358 | D:10     | Reached skill level 10 in Polearms
  4358 | D:10     | Reached XP level 9. HP: 37/79 MP: 8/8
  4441 | D:9      | Noticed a two-headed ogre
  4456 | D:9      | Killed a two-headed ogre
  4456 | D:9      | Reached skill level 1 in Shields
  4507 | D:8      | Found a staircase to the Lair.
  4507 | D:8      | Noticed a death yak
  4507 | D:8      | Noticed a death yak
  4507 | D:8      | Noticed a two-headed ogre
  4507 | D:8      | Noticed a two-headed ogre
  4521 | D:8      | Reached skill level 11 in Polearms
  4523 | D:8      | Slain by a death yak

Skill      XL: |  1  2  3  4  5  6  7  8  9 |
---------------+----------------------------+-----
Fighting       | 4 5 7 |  7.4
Polearms       | 4 5 6 7 8 10 11 | 11.0
Armour         | 3 4 5 6 8 9 |  9.0
Dodging        | 3 4 5 |  5.7
Stealth        | 1 2 |  2.0
Shields        | 1 |  1.4

Action                   |  1- 3 |  4- 6 |  7- 9 || total
-------------------------+-------+-------+-------++-------
Melee: Spear             |   120 |   109 |   177 ||   406
       Headbutt          |    22 |    17 |    27 ||    66
Invok: Berserk           |     3 |     2 |     5 ||    10
       Trog's Hand       |       |     1 |       ||     1
  Use: Scroll            |     7 |     4 |    11 ||    22
       Potion            |       |     2 |     1 ||     3
  Eat: Chunk             |     3 |     5 |     8 ||    16
       Ration            |       |       |     1 ||     1
Armor: Ring mail         |    20 |    19 |    32 ||    71
Dodge: Dodged            |    33 |    45 |    61 ||   139
Block: Buckler           |       |       |     9 ||     9
